 Dungeon Crawl Stone Soup version 0.26.0-57-g60708a5e39 (webtiles) character file.

Game seed: 18131219733968132288

25 kaeus the Ruffian (level 2, 0/25 HPs)
             Began as a Draconian Transmuter on Feb 1, 2021.
             Slain by a sky beast (3 damage)
             ... on level 2 of the Dungeon.
             The game lasted 00:01:15 (1041 turns).

kaeus the Ruffian (Draconian Transmuter)            Turns: 1041, Time: 00:01:15

Health: 0/25       AC:  4    Str: 12    XL:     2   Next: 86%
Magic:  4/5        EV: 12    Int: 13    God:
Gold:   43         SH:  0    Dex: 11    Spells: 4/5 levels left

rFire    . . .     SeeInvis .     - Unarmed
rCold    . . .     Faith    .   (no shield)
rNeg     . . .     Spirit   .   (armour unavailable)
rPois    .         Reflect  .   (helmet currently unavailable)
rElec    .         Harm     .   (no cloak)
rCorr    .         Rampage  .   (no gloves)
Will     .....                  (boots currently unavailable)
Stlth    +.........             (no amulet)
HPRegen  0.08/turn              (no ring)
MPRegen  0.09/turn              (no ring)

@: appendages
A: unfitting armour, horns 2, talons 2, cold-blooded, AC +4
a: End Transformation


You were on level 2 of the Dungeon.
You had grown temporary horns.
You had grown temporary talons.
You visited 1 branch of the dungeon, and saw 2 of its levels.

You collected 43 gold pieces.

Inventory:

Scrolls
 f - a scroll of identify {unknown}
Potions
 a - a potion of lignification {unknown}
 b - a potion of heal wounds {unknown}
 c - a potion of degeneration {unknown}
 d - a potion of haste {unknown}
 e - a potion of might {unknown}


   Skills:
 + Level 2.3 Fighting
 - Level 1.7 Dodging
 + Level 3.6 Unarmed Combat
 - Level 2.0 Spellcasting
 - Level 2.0 Transmutations


You had 4 spell levels left.
You knew the following spells:

 Your Spells              Type           Power        Failure   Level
a - Beastly Appendage     Tmut           12%          11%         1

Your spell library contained the following spells:

 Spells                   Type           Power        Failure   Level
 Wereblood                Tmut           6%           17%         2
 Spider Form              Tmut/Pois      1%           45%         3
 Ice Form                 Ice/Tmut       3%           86%         4
 Blade Hands              Tmut           3%           97%         5


Dungeon Overview and Level Annotations

Branches:
Dungeon (2/15)

Altars:


Innate Abilities, Weirdness & Mutations

Your plain brown scales are hard. (AC +4)
You cannot fit into any form of body armour.
You are cold-blooded and may be slowed by cold attacks.
You have a pair of horns on your head.
You have razor-sharp toenails.


Message History

The sky beast flickers out of sight!
Deactivating autopickup; reactivate with Ctrl-A.
Something hits you but does no damage.
You miss something. Your headbutt misses something.
Something hits you but does no damage.
You closely miss something. You hit something but do no damage.
Your kick misses something.
Your horns disappear.
Your talons disappear.
Something hits you but does no damage.
You are too injured to fight recklessly!
Casting: Beastly Appendage (safe; 11% risk of failure)
Confirm with . or Enter, or press ? or * to list all spells.
You grow a pair of large bovine horns.
Your feet morph into talons.
Something hits you but does no damage.
You now have 4/5 mp.
You barely miss something. Your kick misses something.
Your tail-slap misses something.
A sky beast appears from thin air!
Reactivating autopickup.
The sky beast hits you.
You die...

....... ##.......
.........
......... #
#........ .
#≈..?.... #.
#.......$
#.##.##Y#
.......@###
###.......#
#.#.#.#<###
#.........######.#
##.####.#.....>..#
#.####.##########
#......# ########


You could see a sky beast.

Vanquished Creatures
  4 leopard geckos (D:1)
  A giant cockroach (D:1)
  5 hobgoblins (D:1)
  4 bats (D:1)
  3 frilled lizards (D:1)
  A goblin (D:1)
  4 kobolds (D:1)
  A rat (D:1)
23 creatures vanquished.

Notes
Turn   | Place    | Note
-------+----------+-------------------------------------------
     0 | D:1      | kaeus the Draconian Transmuter began the quest for the Orb.
     0 | D:1      | Reached XP level 1. HP: 16/16 MP: 3/3
   422 | D:1      | Reached XP level 2. HP: 24/24 MP: 3/5
  1016 | D:2      | Noticed a sky beast
  1041 | D:2      | Slain by a sky beast

Illustrated notes

Levels and vault maps discovered:
D:1:      psy_arrival_wood_between_worlds, layout_basic
D:2:      layout_loops_cross, overflow_temple_1_default, lemuel_doored_altar

Skill      XL: |  1  2 |
---------------+-------+-----
Fighting       | 2 |  2.3
Dodging        | |  1.7
Unarmed Combat | |  3.6
Spellcasting   | |  2.0
Transmutations | |  2.0

Action                   || total
-------------------------++-------
Melee: Unarmed           ||    83
       Kick              ||    15
       Tailslap          ||     6
       Headbutt          ||     6
 Cast: Beastly Appendage ||    16
 Stab: Sleeping          ||     1
Armor: Skin              ||    30
Dodge: Dodged            ||    44
